 Dungeon Crawl Stone Soup version 0.28.0-47-ge53b351184 (webtiles) character file.

Game seed: 8204173489166446180

36 CryoSword the Grave Robber (level 3, -5/24 HPs)
             Began as a Mummy Necromancer on Apr 28, 2022.
             Slain by Terence
             ... wielding a +2 vorpal trident
              (9 damage)
             ... on level 2 of the Dungeon.
             The game lasted 00:02:08 (1468 turns).

CryoSword the Grave Robber (Mummy Necromancer)      Turns: 1468, Time: 00:02:08

Health: -5/24      AC:  2    Str: 11    XL:     3   Next: 19%
Magic:  7/7        EV: 12    Int: 16    God:
Gold:   26         SH:  0    Dex: 12    Spells: 3/8 levels left

rFire   x . .      SeeInvis .   e - +0 trident
rCold   + . .      Faith    .   (no shield)
rNeg    + + +      Spirit   .   a - +0 robe
rPois   ∞          Reflect  .   (no helmet)
rElec   .          Harm     .   (no cloak)
rCorr   .          Rampage  .   (no gloves)
Will    .....                   (no boots)
Stlth   ++........              (no amulet)
HPRegen 0.08/turn               (no ring)
MPRegen 0.10/turn               (no ring)

@: no status effects
A: cold resistance 1, negative energy resistance 3, torment resistance 2, heat
vulnerability 1, no potions
a: no special abilities


You were on level 2 of the Dungeon.
You visited 1 branch of the dungeon, and saw 2 of its levels.

You collected 26 gold pieces.

Inventory:

Hand Weapons
 e - a +0 trident (weapon)
   (You found it on level 2 of the Dungeon)
Armour
 a - a +0 robe (worn)
Scrolls
 b - a scroll of blinking {unknown}
 c - a scroll of teleportation {@r4}


   Skills:
 + Level 0.0 Fighting
 + Level 0.0 Polearms
 - Level 1.5 Dodging
 - Level 1.5 Stealth
 + Level 3.4 Spellcasting
 * Level 4.8 Necromancy


You had 3 spell levels left.
You knew the following spells:

 Your Spells              Type           Power      Damage    Failure   Level
a - Pain                  Necr           72%        1d7       2%          1
b - Vampiric Draining     Necr           18%        2d7       8%          3
Z - Animate Skeleton      Necr           36%        N/A       2%          1

Your spell library contained the following spells:

 Spells                   Type           Power      Damage    Failure   Level
 Static Discharge         Conj/Air       2%         N/A       26%         2
 Animate Dead             Necr           9%         N/A       26%         4
 Agony                    Necr           18%        N/A       56%         5
 Lightning Bolt           Conj/Air       1%         1d12      99%         5
 Maxwell's Capacitive Co  Air            1%         ∞         100%        8


Dungeon Overview and Level Annotations

Branches:
Dungeon (2/15)

Altars:

Annotations:
D:2 Terence


Innate Abilities, Weirdness & Mutations

You are immune to poison.
Your flesh is cold resistant. (rC+)
You are immune to negative energy. (rN+++)
You are immune to unholy pain and torment.
You are vulnerable to heat. (rF-)
You do not drink.


Message History

You start memorising the spell.
You continue memorising. x3
You finish memorising.
Spell assigned to 'b'.
Things that are here:
a +0 short sword; a kobold corpse
d - a +0 short sword
d - a +0 short sword (weapon)
You drop a +0 dagger.
As you read the scroll labelled FUTOVU RUBLIL, it crumbles to dust.
You feel strangely unstable.
It was a scroll of teleportation.
Your surroundings suddenly seem different.
You see here a +0 club.
You see here a +0 whip.
A frilled lizard comes into view.
A frilled lizard is nearby!
A frilled lizard is nearby!
The frilled lizard hisses angrily.
The frilled lizard barely misses you.
You closely miss the frilled lizard. The frilled lizard barely misses you.
You miss the frilled lizard.
The frilled lizard bites you but does no damage.
You barely miss the frilled lizard. The frilled lizard misses you.
Aim: a frilled lizard (chance to affect: 87%)
The frilled lizard writhes in agony.
You kill the frilled lizard!
You see here a quokka corpse.
You see here a giant cockroach corpse.
Could not explore, unopened door.
Could not explore, unopened door.
You open the door.
Found 7 gold pieces.
There is an open door here.
You now have 19 gold pieces (gained 7).
A ball python comes into view.
The ball python hisses angrily.
A ball python is nearby!
The ball python closely misses you. The ball python grabs you.
The ball python constricts you.
The ball python bites you but does no damage.
The ball python constricts you.
Aim: a ball python (constricting you, chance to affect: 87%)
The ball python writhes in agony.
The ball python bites you. The ball python constricts you.
Aim: a ball python (severely wounded, constricting you, chance to affect: 87%)
You miscast Pain.
You are very lightly contaminated with residual magic.
Nothing appears to happen.
The ball python bites you but does no damage.
The ball python constricts you.
Aim: a ball python (severely wounded, constricting you, chance to affect: 87%)
The ball python writhes in agony.
You kill the ball python!
Your magical contamination has completely faded away.
Things that are here:
a +0 dagger; a kobold skeleton Done exploring.
Done exploring.
Done exploring.
Done exploring.
You see here a quokka skeleton.
There is a stone staircase leading down here.
You climb downwards.
The hobgoblin shouts!
Found a fizzy emerald potion.
There is a stone staircase leading up here.
A hobgoblin is nearby!
Aim: a hobgoblin (chance to affect: 87%)
The hobgoblin writhes in agony.
Aim: a hobgoblin (moderately wounded, chance to affect: 87%)
The hobgoblin writhes in agony.
You kill the hobgoblin!
Found a stone staircase leading down.
You see here a fizzy emerald potion.
Found a leather armour.
b - a scroll labelled NUCKUU ZAFIEWK A frilled lizard comes into view.
A frilled lizard is nearby!
A frilled lizard is nearby!
A frilled lizard is nearby!
Aim: a frilled lizard (chance to affect: 87%)
The frilled lizard writhes in agony.
You kill the frilled lizard!
Unknown command.
A bat comes into view.
A bat is nearby!
A bat is nearby!
Aim: a bat (chance to affect: 87%)
The bat writhes in agony.
You kill the bat!
An endoplasm comes into view.
An endoplasm is nearby!
An endoplasm is nearby!
Found a club.
Aim: an endoplasm (asleep, chance to affect: 87%)
The endoplasm quivers.
The endoplasm writhes in agony.
Aim: an endoplasm (heavily wounded, chance to affect: 87%)
The endoplasm writhes in agony.
You kill the endoplasm!
Found a yellow potion.
A kobold comes into view. It is wielding a +0 dagger.
Found a stone staircase leading up.
A kobold is nearby!
A kobold is nearby!
You see here a yellow potion.
The kobold shouts!
Aim: a kobold, wielding a +0 dagger and quivering stones (chance to affect: 88%)
The kobold barely resists.
Aim: a kobold, wielding a +0 dagger and quivering stones (chance to affect: 88%)
The kobold writhes in agony.
You kill the kobold!
That beam is likely to hit you.
Continue anyway?
Okay, then.
Things that are here:
a +0 dagger; 4 stones
Found a trident.
You now have 26 gold pieces (gained 7).
Found a stone staircase leading down.
Found a bubbling emerald potion.
You see here a +0 trident.
Found a stone staircase leading up.
You pick up a book of Lightning and begin reading...
You add the spells Static Discharge, Lightning Bolt and Maxwell's Capacitive Coupling to your library.
You see here a +0 trident.
e - a +0 trident
e - a +0 trident (weapon)
You drop a +0 short sword.
Terence the Incautious comes into view.
He is wielding a +2 vorpal trident.
Terence shouts!
Aim: Terence, wielding a +2 vorpal trident and wearing a +0 chain mail (chance to affect: 83%) Terence writhes in agony.
Aim: Terence, wielding a +2 vorpal trident and wearing a +0 chain mail (lightly wounded, chance to affect: 83%) Terence writhes in agony.
Terence screams, "I want your blood!"
Aim: Terence, wielding a +2 vorpal trident and wearing a +0 chain mail (lightly wounded, chance to affect: 83%) Terence writhes in agony.
Terence hits you from afar with a +2 vorpal trident.
Terence shouts, "Now you die!"
Aim: Terence, wielding a +2 vorpal trident and wearing a +0 chain mail (moderately wounded, chance to affect: 83%) Terence writhes in agony.
Terence hits you from afar with a +2 vorpal trident!
Aim: Terence, wielding a +2 vorpal trident and wearing a +0 chain mail (moderately wounded, chance to affect: 83%) Terence writhes in agony.
Terence hits you from afar with a +2 vorpal trident!
* * * LOW HITPOINT WARNING * * *
x2 Terence says, "Did you write a will?
You should..."
There is a stone staircase leading up here.
Terence hits you from afar with a +2 vorpal trident!
You die...

#.............#
#[#...........#
#.#.####...#..# #.#.#
#...!...####. #.#.#
#............
#.#.###.....#.#>...
###..#.##....##.#.###
#...###............#
#.#..#.##@.@÷.......
#@#.................
#.###.###########...
#.# #.## ## #.###..#
#..###.# ##.# #.# #.#
#.# #.# #.#


You could see Terence.

Vanquished Creatures
  3 bats
  6 endoplasms
  4 giant cockroaches (D:1)
  A goblin (D:1)
  3 hobgoblins
  5 kobolds
  2 quokkas (D:1)
  2 ball pythons (D:1)
  2 frilled lizards
  A rat (D:1)
29 creatures vanquished.

Notes
Turn   | Place    | Note
-------+----------+-------------------------------------------
     0 | D:1      | CryoSword the Mummy Necromancer began the quest for the
                  | Orb.
     0 | D:1      | Reached XP level 1. HP: 13/13 MP: 4/4
   333 | D:1      | Reached XP level 2. HP: 19/19 MP: 0/6
   886 | D:1      | Reached XP level 3. HP: 24/24 MP: 4/7
   888 | D:1      | Learned a level 1 spell: Animate Skeleton
   892 | D:1      | Learned a level 3 spell: Vampiric Draining
  1381 | D:2      | Noticed Terence
  1433 | D:2      | HP: 1/24 [Terence/+2 vorpal trident (3)]
  1468 | D:2      | Slain by Terence

Illustrated notes

Levels and vault maps discovered:
D:1:      dpeg_arrival_orchard, layout_basic
D:2:      layout_loops_ring, uniq_terence, uniq_sigmund

Skill      XL: |  1 |
---------------+----+-----
Spellcasting   | 3 |  3.4
Dodging        | |  1.5
Stealth        | |  1.5
Necromancy     | |  4.8

Action                   || total
-------------------------++-------
Melee: Unarmed           ||     2
       Short sword       ||     3
 Cast: Pain              ||    55
  Use: Scroll            ||     1
Armor: Robe              ||     6
Dodge: Dodged            ||    13
